Map: Cactus Valley LE (Void)

Players

Khanti

  • Race: Protoss Protoss
  • League: Diamond
  • Spawn Location: 5:00

Whiteshadow - Winner!

  • Race: Protoss Protoss
  • League: Diamond
  • Spawn Location: 7:00

VOD

Have the link to the VOD?

Description

Time

  • Played on: March 28, 2017, 5:22 p.m.
  • Length: 9:52
Show
View Real Time Build Order
Export as new Build Order

Khanti Protoss 

Build Orders: Oracle Opening 

Get SALT Encoding   

  12  0:01  Probe (Chrono Boost)  
  13  0:11  Probe (Chrono Boost)  
  14  0:19  Pylon  
  14  0:22  Probe (Chrono Boost)  
  15  0:37  Probe (Chrono Boost)  
  15  0:41  Gateway  
  16  0:47  Probe (Chrono Boost)  
  17  0:52  Assimilator  
  17  0:55  Assimilator  
  17  0:58  Probe (Chrono Boost)  
  18  1:08  Probe (Chrono Boost)  
  19  1:20  Probe (Chrono Boost)  
  19  1:25  Pylon  
  20  1:30  Probe (Chrono Boost)  
  21  1:41  Probe (Chrono Boost)  
  22  1:51  Probe (Chrono Boost)  
  23  1:58  Cybernetics Core  
  23  2:02  Probe (Chrono Boost)  
  24  2:14  Nexus, Probe (Chrono Boost)  
  25  2:21  Pylon  
  25  2:25  Probe (Chrono Boost)  
  26  2:33  Stalker  
  30  2:46  Mothership Core (Chrono Boost)  
  30  2:49  Stargate  
  30  2:59  Stalker  
  30  3:04  Assimilator  
  32  3:08  Probe (Chrono Boost)  
  32  3:10  Warp Gate  
  34  3:20  Probe (Chrono Boost)  
  34  3:25  Stalker  
  34  3:32  Oracle  
  34  3:33  Probe (Chrono Boost)  
  40  3:39  Probe (Chrono Boost)  
  41  3:45  Probe (Chrono Boost)  
  35  4:00  Stalker  
  35  4:01  Probe (Chrono Boost)  
  35  4:02  Probe (Chrono Boost)  
  37  4:12  Probe (Chrono Boost)  
  37  4:14  Probe (Chrono Boost), Assimilator  
  39  4:25  Void Ray  
  39  4:30  Probe (Chrono Boost)  
  44  4:36  Probe (Chrono Boost)  
  45  4:42  Probe (Chrono Boost)  
  46  4:47  Probe (Chrono Boost)  
  45  5:11  Probe (Chrono Boost)  
  45  5:13  Probe (Chrono Boost)  
  48  5:16  Twilight Council  
  48  5:17  Phoenix  
  48  5:20  Gateway  
  46  5:22  Probe (Chrono Boost)  
  46  5:26  Pylon  
  47  5:35  Probe (Chrono Boost)  
  49  5:36  Forge  
  49  5:37  Probe (Chrono Boost)  
  49  5:45  Probe (Chrono Boost)  
  49  5:49  Probe (Chrono Boost)  
  51  5:50  Gateway  
  51  5:52  Gateway  
  51  5:56  Probe (Chrono Boost)  
  52  6:00  Pylon  
  52  6:01  Probe (Chrono Boost)  
  50  6:27  Phoenix  
  50  6:31  Probe (Chrono Boost)  
  50  6:32  Stalker  
  56  6:33  Probe (Chrono Boost)  
  56  6:42  Photon Cannon, Probe (Chrono Boost)  
  56  6:43  Blink  
  56  6:44  Photon Cannon  
  58  6:48  Photon Cannon, Probe (Chrono Boost)  
  58  6:51  Protoss Ground Weapons Level 1  
  58  6:52  Probe (Chrono Boost)  
  59  7:01  Void Ray  
  59  7:06  Templar Archives  
  63  7:10  Probe (Chrono Boost)  
  64  7:15  Stalker  
  64  7:19  Stalker  
  68  7:25  Probe (Chrono Boost)  
  69  7:32  Pylon  
  69  7:35  Pylon  
  69  7:36  Pylon  
  69  7:37  Probe (Chrono Boost)  
  70  7:46  Pylon  
  70  7:48  Probe (Chrono Boost)  
  70  7:49  Probe (Chrono Boost)  
  61  8:08  Stalker x4  
  61  8:10  Probe (Chrono Boost)  
  61  8:12  Probe (Chrono Boost)  
  68  8:20  Probe (Chrono Boost)  
  69  8:27  Pylon  
  69  8:29  Probe (Chrono Boost)  
  69  8:32  High Templar x3  
  69  8:33  High Templar  
  78  8:36  Archon  
  78  8:37  Archon  
  78  9:03  Nexus  
  78  9:05  Stalker x3  
  78  9:06  Stalker  
  78  9:09  Assimilator  
  85  9:10  Assimilator  
  85  9:20  Photon Cannon  
  85  9:22  Photon Cannon  
  85  9:24  Photon Cannon  
  75  9:39  Probe (Chrono Boost)  
  75  9:41  Probe (Chrono Boost)  
Show
View Real Time Build Order
Export as new Build Order

Whiteshadow Protoss - Winner!

Build Orders: Oracle Opening 

Get SALT Encoding   

  12  0:00  Probe (Chrono Boost)  
  13  0:11  Probe (Chrono Boost)  
  14  0:18  Pylon  
  14  0:22  Probe (Chrono Boost)  
  15  0:37  Probe (Chrono Boost)  
  15  0:38  Gateway  
  16  0:47  Probe (Chrono Boost)  
  16  0:48  Assimilator  
  17  0:54  Assimilator  
  17  0:58  Probe (Chrono Boost)  
  18  1:09  Gateway  
  19  1:11  Probe (Chrono Boost)  
  19  1:25  Cybernetics Core  
  19  1:31  Probe (Chrono Boost)  
  20  1:41  Probe (Chrono Boost)  
  21  1:47  Pylon  
  21  1:52  Probe (Chrono Boost)  
  22  2:07  Probe (Chrono Boost)  
  22  2:08  Stargate  
  23  2:18  Mothership Core (Chrono Boost)  
  25  2:23  Stalker  
  29  2:37  Warp Gate  
  29  2:47  Oracle  
  29  3:05  Nexus  
  29  3:12  Probe (Chrono Boost)  
  30  3:24  Probe (Chrono Boost)  
  31  3:31  Pylon  
  31  3:34  Pylon  
  31  3:49  Stalker  
  31  3:51  Probe (Chrono Boost)  
  32  4:03  Stalker, Phoenix, Probe (Chrono Boost)  
  36  4:15  Probe (Chrono Boost)  
  37  4:20  Stargate  
  37  4:25  Probe (Chrono Boost)  
  37  4:27  Probe (Chrono Boost)  
  37  4:28  Pylon  
  39  4:32  Phoenix  
  39  4:36  Probe (Chrono Boost)  
  43  4:39  Probe (Chrono Boost)  
  43  4:46  Probe (Chrono Boost)  
  43  4:48  Gateway  
  44  4:55  Stalker  
  44  4:59  Stalker  
  46  5:13  Phoenix, Probe (Chrono Boost)  
  44  5:14  Phoenix, Probe (Chrono Boost)  
  48  5:23  Probe (Chrono Boost)  
  48  5:26  Probe (Chrono Boost)  
  48  5:27  Protoss Air Weapons Level 1  
  50  5:34  Probe (Chrono Boost), Assimilator  
  51  5:38  Probe (Chrono Boost)  
  52  5:43  Phoenix  
  52  5:44  Probe (Chrono Boost), Assimilator  
  56  5:51  Probe (Chrono Boost)  
  56  5:55  Probe (Chrono Boost)  
  57  6:03  Probe (Chrono Boost)  
  58  6:04  Phoenix  
  58  6:06  Probe (Chrono Boost)  
  61  6:15  Probe (Chrono Boost)  
  61  6:16  Probe (Chrono Boost)  
  63  6:18  Phoenix  
  66  6:27  Probe x2 (Chrono Boost)  
  66  6:28  Zealot  
  69  6:38  Pylon  
  69  6:39  Pylon  
  69  6:41  Pylon  
  69  6:45  Pylon  
  70  6:48  Probe (Chrono Boost)  
  70  6:53  Phoenix  
  70  6:56  Phoenix, Probe (Chrono Boost)  
  70  7:00  Probe (Chrono Boost)  
  76  7:02  Nexus  
  76  7:06  Pylon  
  76  7:10  Probe (Chrono Boost)  
  76  7:13  Probe (Chrono Boost)  
  76  7:14  Phoenix  
  78  7:16  Sentry x2  
  84  7:24  Phoenix  
  84  7:26  Probe (Chrono Boost)  
  84  7:28  Probe (Chrono Boost)  
  88  7:35  Stalker  
  91  7:37  Probe (Chrono Boost)  
  91  7:40  Stalker x2, Probe (Chrono Boost)  
  96  7:47  Probe (Chrono Boost)  
  98  7:52  Phoenix, Probe (Chrono Boost)  
  98  7:58  Probe (Chrono Boost)  
  101  8:04  Probe (Chrono Boost)  
  102  8:08  Stalker, Probe (Chrono Boost)  
  102  8:09  Stalker x2  
  109  8:16  Probe x2 (Chrono Boost)  
  109  8:19  Probe (Chrono Boost)  
  112  8:21  Phoenix  
  112  8:24  Phoenix  
  118  8:27  Probe (Chrono Boost)  
  118  8:28  Probe (Chrono Boost)  
  118  8:30  Probe (Chrono Boost)  
  119  8:35  Assimilator  
  119  8:37  Probe (Chrono Boost)  
  119  8:38  Assimilator  
  119  8:40  Probe x2 (Chrono Boost)  
  122  8:46  Gateway  
  122  8:47  Gateway  
  122  8:48  Pylon, Probe (Chrono Boost)  
  123  8:51  Gateway  
  123  8:52  Pylon, Probe x2 (Chrono Boost)  
  125  8:58  Fleet Beacon  
  125  9:06  Probe x2 (Chrono Boost)  
  125  9:08  Probe (Chrono Boost)  
  128  9:12  Stalker x2  
  133  9:17  Probe (Chrono Boost)  
  133  9:18  Phoenix  
  133  9:20  Probe (Chrono Boost)  
  133  9:23  Forge  
  136  9:24  Phoenix, Forge  
  128  9:47  Pylon  
  128  9:49  Pylon  
  124  9:51  Pylon  
Tags
 
Add a new tag
Caveats
  • Supply blocks, unpowered buildings, or Contaminate may cause inaccurate times.
  • Supply counts are checked every 10 seconds.